[Event "EU-ch 12th"]
[Site "Aix les Bains"]
[Date "2011.03.26"]
[Round "5"]
[White "Reinderman, Dimitri"]
[Black "Polgar, Judit"]
[Result "1/2-1/2"]
[ECO "A14"]
[WhiteElo "2601"]
[BlackElo "2686"]
[Annotator "Marchand,A/Primel,D"]
[PlyCount "98"]
[EventDate "2011.03.22"]
[EventType "swiss"]
[EventRounds "11"]
[EventCountry "FRA"]
[SourceTitle "CBM 142 Extra"]
[Source "ChessBase"]
[SourceDate "2011.06.27"]
[SourceVersion "1"]
[SourceVersionDate "2011.06.27"]
[SourceQuality "1"]
[TimeControl "40/5400+30:1800+30"]

1. c4 e6 2. g3 d5 3. Bg2 Nf6 4. Nf3 Be7 5. O-O O-O 6. b3 (6. d4 dxc4 {Retombe
sur une Catalane}) 6... b6 (6... c5) 7. Bb2 Bb7 8. e3 (8. Nc3 c5) 8... c5 9.
Nc3 Nbd7 (9... dxc4 10. bxc4 Nc6 11. Qe2 (11. d3 Na5 (11... Nb4 12. Qb3 Rc8 13. Rad1 Rc7 14. Nb5 (14. Ne5 Bxg2 15. Kxg2 Qa8+ 16. Kg1 Rd8 $11) 14... Rd7 )) 11... a6 12. Ne1 (12. Rfd1) 12... Qc7 13. f4 Na7
$1 $11 {[%cal Gb6b5];Sokolovs,A (2505)-Kabatianski,A (2445) BL2-Sued 9596 1995
[1] 1/2}) (9... Nc6 10. Qe2 Rc8 (10... dxc4 11. bxc4 a6 12. Rfd1 Qc7 13. Rab1 Rab8 14. Ba1 Rfd8 15. d3 Ba8 16. Ne1 Na7 17. Bxa8 Rxa8 18. g4 Rab8
19. g5 Ne8 20. Qg4 Nd6 21. h4 b5 22. h5 $36 {Gonzalez Garcia,J (2532)-Colon
Garcia,E (2339) Badalona op-A 38th 2012 (4) 1/2})) 10. Qe2 Rc8 (10... Qc7) 11. cxd5 (11. d3 Qc7 12. Nh4 Rfe8
13. f4 Nf8 14. Rad1 Ng6 15. Nf3 Qb8 16. Kh1 Qa8 17. Rde1 Bf8 18. e4 d4 19. Nd1
Nd7 20. Bc1 f5 21. Nf2 Nf6 22. e5 Nd7 23. Rg1 Be7 24. Bd2 Rf8 25. Nh3 h6 {
Tomashevsky,E (2689)-Wang Yue (2736)/Sochi 2009/CBM 131 Extra/1-0 (81)}) (11.
Rfd1) (11. Rac1 Re8 12. Nd1 Bf8 13. cxd5 exd5 14. d4 cxd4 15. Nxd4 Rxc1 16.
Bxc1 {1/2-1/2 (16) Iturrizaga Bonelli,E (2655)-Bruzon Batista,L (2707)
Cochabamba 2013}) 11... Nxd5 12. Nxd5 Bxd5 (12... exd5 $5 {
Curieusement, il n'y a aucune partie dans les bases avec ce coup naturel}) 13.
e4 $1 Bb7 14. d4 $14 {Les Blancs ont un petit avantage d'espace et une Q plus
active} Nf6 15. Rfd1 (15. d5 $1 {Dans ce genre de structure,
d5 est un coup candidat important et il semble plus prometteur que le
sacrifice du P"e4"} exd5 16. exd5 Nxd5 17. Rad1 Qd6 (17... Qc7
18. Nh4 Bxh4 19. Rxd5 $1 Bxd5 20. Qg4 g6 21. Qxh4 $40 ) 18. Ne5 Rcd8 (18... Rfe8 19. Nc4 $44) (18... Qe6 19. Rfe1 Bf6 20. Qc4
Rcd8 21. Ng4 $36 ) 19. Rfe1 Bf6 20. Nc4 $44 Qc7
21. Bxd5 Bxd5 22. Bxf6 ) 15... Bxe4 16. dxc5 Qc7
17. cxb6 {59" Les Blancs ont récupéré le P sacrifié mais dans des mauvaises
conditions et les Noirs n'ont aucun problème} Qxb6 {46"} 18. Bxf6 $6 (18. Rac1 $142) 18... Bxf3 {46"} 19. Bxf3 Bxf6 $11 {Les Noirs ont
facilement égalisé mais il est difficile de jouer pour le gain} 20. Rac1 Bd4
21. Kg2 g6 22. Rc2 Rc5 23. Rxc5 Qxc5 24. Qd2
Rd8 (24... e5 $5 25. Rc1 Qd6 26. h4 h5 (26... Kg7 27. h5 $1 ) 27. Rc6 Qd7 28. Qh6 Rc8) 25. Rc1 Qf5 {24"} 26. Qe2 Qa5 27. Rc2
Bb6 28. h4 h5 29. Bc6 Qb4 30. Be4 Kg7 31. Bc6
Qd6 32. Bf3 e5 {La majorité centrale ne doit pas être sous-estimée} 33. Qb5 Qe7
34. Qc6 Rd6 35. Qa8 Rd8 36. Qc6 Rd4 37. Qb7
Qe6 38. Re2 {07"} Qf5 $6 {04"} (38... Qd6) 39. Bd5 (39. Qe7 Qf6 40. Rxe5 Qxe7 41. Rxe7 Rd2 42. Re2 Rxe2 $11 )
39... Rd1 40. Bc4 {4"} Bd4 {2"} 41. Qe7 Rc1 42. Qb7 Rc3 43. Qd5 g5 {Une
dernière tentative de jouer pour le gain} 44. hxg5 h4 45. Qe4 h3+ 46. Kh2 Qxe4
47. Rxe4 Bxf2 48. Rg4 Kg6 49. Kxh3 Be1 $44 {Les Blancs ont gagné un P mais la
Rg4 ne peut plus bouger et les Blancs ne peuvent plus jouer que le B} 1/2-1/2

[Event "Sautron op 15th"]
[Site "Sautron"]
[Date "2015.10.24"]
[Round "3.4"]
[White "Bailet, Pierre"]
[Black "Stany, George Anthony"]
[Result "1/2-1/2"]
[ECO "A14"]
[WhiteElo "2515"]
[BlackElo "2385"]
[Annotator "RR"]
[PlyCount "89"]
[EventDate "2015.10.24"]
[EventType "swiss"]
[EventRounds "9"]
[EventCountry "FRA"]
[SourceTitle "CBM 169 Extra"]
[Source "ChessBase"]
[SourceDate "2015.12.18"]
[SourceVersion "1"]
[SourceVersionDate "2015.12.18"]
[SourceQuality "1"]
[TimeControl "40/5400+30:1800+30"]
[WhiteClock "0:31:19"]
[BlackClock "0:31:48"]

1. Nf3 Nf6 2. g3 b6 3. Bg2 Bb7 4. O-O c5 5. c4 e6 6. b3 $5
{[%emt 0:02:46] Une ligne souple mais pas très ambitieuse} (6. Nc3) (6. d4
cxd4 7. Qxd4) 6... Be7 7. Bb2 O-O 8. Nc3 d5 (8... d6) (8...
a6) 9. e3 (9. cxd5 Nxd5 10. d4) 9... dxc4 10.
bxc4 Nc6 11. Qe2 (11. d3)
11... Nb4 {[%emt 0:02:38] Une ligne secondaire} (11... Rc8 12. Rfd1 (12. d3)) (
11... Qc7 12. Rfd1 (12. Nb5)) 12. d4 $1 cxd4 13. exd4 Rc8 14. Rfd1 $14 Ba6 $5 {[%emt 0:24:51][%csl Rc4] Après une longue reflexion , l'indien
décide de faire pression sur les P pendants} (14... Re8 15. Rac1 (15. a3 Nc6
16. Ne5) 15... Bf8 16. a3 Nc6 17. Ne5 a6 18. Ne4 Nxe4 19. Bxe4 Re7 20. Qc2 h6
21. Nxc6 Bxc6 22. Bxc6 Rxc6 23. Qa4 Qa8 24. d5 exd5 25. cxd5 Rxc1 26. Bxc1 b5
27. Qg4 Qe8 28. Be3 Re4 29. Qf5 Bd6 30. Rc1 g6 31. Qh3 Rc4 32. Rxc4 bxc4 33.
Qxh6 Qe5 34. Qh3 Qxd5 35. Qc8+ Kg7 36. Qxa6 c3 37. Qa4 Be5 38. Qc2 Qb7 39. Bc1
Bf6 40. a4 Qd5 41. h4 Bd4 42. Bf4 Bf6 43. Be3 Qb7 44. Bc1 {Ahmadinia,E (2381)
-Stupak,K (2495) Izmir 2013 1-0}) 15. Ne5 Nfd5 16. Nxd5 $146 (16. Nb5 Bxb5 17. cxb5 Nc3 18. Bxc3 Rxc3 19.
a3 Nc2 20. Qd2 Rxa3 21. Qxc2 Rxa1 22. Rxa1 Qxd4 23. Re1 Qb4 24. Qb1 Qa4 25. Rd1
a6 26. Bf1 axb5 27. Bxb5 Qa7 28. Rd3 Qa8 29. Nd7 Rd8 30. Nxb6 Qb7 31. Rxd8+
Bxd8 32. Nc4 Be7 33. Ne5 Bc5 34. Qd3 Qc7 35. Qe4 g6 36. Bc4 Kg7 37. Kg2 Bd6 38.
f4 h5 39. Nf3 Kf8 40. Ng5 Qe7 41. Bxe6 {1-0 (41) Rebers,E (2325)-Van Wessel,R 
(2352) Leiden 2002}) 16... Nxd5 17. Rac1 Bd6 18. Qf3 $1 Bxe5 19. cxd5 Bd6 20. dxe6 fxe6 21. Qe3 (21. Qb3 $5 ) 21... Qf6 22. Ba1 Qe7 23. Bh3 Rfe8 24. Re1 (24. Rxc8 Bxc8) 24...
Bc4 25. Rxc4 $1 Rxc4 26. Qb3 Qc7 $1 {[%emt 0:02:11] Un coup simple mais bon} 27.
Rxe6 Rc1+ 28. Kg2 Qb7+ 29. d5 Rxe6 30. Bxe6+ Kh8 31. Bd4 Re1 $132 32. Qf3 Qe7 33. Bc3 Rc1 34. h4 Bc5 35. Bf5 Qf7 36.
Bb2 Rc4 37. Qd3 Rd4 $1 {
[%emt 0:00:49] La pointe} 38. Bxd4 Qxd5+ 39.
Be4 Qxd4 40. Qf3 Qf6 41. Qe2 g6 {[%emt 0:00:43] Malgré le
matériel réduit la présence de B de couleurs opposées favorise l'attaque}
42. Bf3 Kg7 43. h5 a5 44. Qd2 Qd4 45. Qxd4+ 1/2-1/2